 Dungeon Crawl Stone Soup version 0.32-a0-607-g64ea0e4219 (webtiles) character file.

Game seed: 14303029634141668592

7 mdonais the Shooter (level 2, -1/17 HPs)
             Began as an Octopode Wanderer on Mar 3, 2024.
             Frozen to death by an endoplasm (4 damage)
             ... on level 1 of the Dungeon.
             The game lasted 00:01:23 (83 turns).

mdonais the Shooter (Octopode Wanderer)               Turns: 83, Time: 00:01:24

Health: -1/17      AC:  1    Str:  9    XL:     2   Next: 0%
Magic:  3/3        EV: 12    Int: 15    God:
Gold:   0          SH:  0    Dex: 12    Spells: 3/3 levels left

rFire   . . .        a - +2 sling
rCold   . . .        (no shield)
rNeg    . . .        (helmet restricted)
rPois   .            (no amulet)
rElec   .            (no ring)
rCorr   .            (no ring)
SInv    .            (no ring)
Will    .....        (no ring)
Stlth   +++          (no ring)
HPRegen 0.22/turn    (no ring)
MPRegen 0.08/turn    (no ring)
                     (no ring)

%: no passive effects
@: no status effects
A: almost no armour, amphibious, 8 rings, camouflage 1, gelatinous body 1,
(nimble swimmer 1), tentacles
a: no special abilities


You were on level 1 of the Dungeon.
You visited 1 branch of the dungeon, and saw 1 of its levels.

Inventory:

Hand Weapons
 a - a +2 sling (weapon)
 b - a +0 falchion
 d - a +0 dagger
Missiles
 c - 10 poisoned darts
Scrolls
 e - a scroll of vulnerability


   Skills:
 - Level 1.0 Long Blades
 - Level 5.0 Ranged Weapons
 - Level 2.0 Throwing
 + Level 2.3 Stealth
 - Level 1.0 Spellcasting
 - Level 1.1 Evocations


You had 3 spell levels left.
You didn't know any spells.
Your spell library was empty.

Dungeon Overview and Level Annotations

Branches:
Dungeon (1/15) Zot: 5912

Altars:


Innate Abilities, Weirdness & Mutations

You cannot wear most types of armour.
You are amphibious.
You can wear up to eight rings at the same time.
Your skin changes colour to match your surroundings (Stealth+).
Your rubbery body absorbs attacks. (AC +1, EV +1)
((You are camouflaged when in or above water. (Stealth+)))
You have tentacles for arms and can constrict up to eight enemies at once.


Message History

You hear an angry hiss.
The bat barely misses you.
A giant cockroach comes into view.
You shoot a sling bullet. The sling bullet barely misses the bat.
The bat hits you.
A frilled lizard comes into view.
You take 1 damage, and have 10/11 hp.
You shoot a sling bullet.
The sling bullet hits the giant cockroach.
You kill the giant cockroach!
The bat hits you but does no damage.
You shoot a sling bullet.
The sling bullet hits the frilled lizard.
You kill the frilled lizard!
The bat misses you. The bat hits you.
Your Stealth skill increases to level 1!
You take 1 damage, and have 9/11 hp.
You shoot a sling bullet.
The sling bullet closely misses the bat.
The bat barely misses you.
You shoot a sling bullet.
The sling bullet closely misses the bat.
The bat barely misses you.
You shoot a sling bullet. The sling bullet hits the bat.
The bat is moderately wounded.
The bat hits you.
You take 1 damage, and have 9/11 hp.
You shoot a sling bullet. The sling bullet hits the bat.
You kill the bat!
No target in view!
HP restored.
You see here a giant cockroach corpse.
A kobold comes into view. It is wielding a +0 dagger.
Health restored: 11 You shoot a sling bullet.
The sling bullet hits the kobold.
The kobold shouts!
The kobold is moderately wounded.
You hear a shout!
A bat comes into view.
The bat moves out of view.
You shoot a sling bullet. The sling bullet hits the kobold.
You kill the kobold!
A kobold comes into view. It is wielding a +0 dagger.
You shoot a sling bullet. The sling bullet hits the bat.
The bat is severely wounded.
You shoot a sling bullet. The sling bullet hits the bat!
You kill the bat!
You shoot a sling bullet.
The sling bullet hits the kobold but does no damage.
You shoot a sling bullet.
The sling bullet barely misses the kobold.
The kobold closely misses you.
You shoot a sling bullet.
The sling bullet barely misses the kobold.
The kobold closely misses you.
You shoot a sling bullet.
The sling bullet barely misses the kobold.
The kobold hits you with a +0 dagger.
You take 1 damage, and have 10/11 hp.
You shoot a sling bullet.
The sling bullet closely misses the kobold.
The kobold hits you with a +0 dagger.
You shoot a sling bullet. The sling bullet hits the kobold!
You kill the kobold!
No target in view!
Okay, then.
Unknown command.
Found a hand axe.
Health restored: 11
Found a chain mail.
As you open the door, it creaks loudly!
A giant cockroach comes into view.
You shoot a sling bullet.
The sling bullet closely misses the giant cockroach.
A frilled lizard comes into view.
The giant cockroach bites you.
You take 2 damage, and have 9/11 hp.
You shoot a sling bullet.
The sling bullet barely misses the giant cockroach.
The giant cockroach bites you.
You shoot a sling bullet.
The sling bullet closely misses the giant cockroach.
The sling bullet misses the frilled lizard.
The giant cockroach barely misses you. The giant cockroach misses you.
You shoot a sling bullet.
The sling bullet closely misses the giant cockroach.
The sling bullet barely misses the frilled lizard.
The giant cockroach barely misses you.
You shoot a sling bullet.
The sling bullet closely misses the giant cockroach.
The sling bullet barely misses the frilled lizard.
The giant cockroach bites you.
You take 1 damage, and have 8/11 hp.
You shoot a sling bullet.
The sling bullet hits the giant cockroach.
The giant cockroach is moderately wounded.
The giant cockroach bites you. x2
You take 3 damage, and have 5/11 hp.
MASSIVE DAMAGE!!
You are too injured to fight recklessly!
You are too injured to fight recklessly!
Throw: 14 darts (poison)
Press: ? - help, Q - select action, (/) - cycle Shift-Dir - straight line, f - frilled lizard, p - giant cockroach
Aim: a frilled lizard (32% to hit)
You throw a poisoned dart.
The poisoned dart hits the giant cockroach.
The giant cockroach is poisoned.
The giant cockroach is moderately wounded.
The giant cockroach misses you.
Throw: 13 darts (poison)
Press: ? - help, Q - select action, (/) - cycle Shift-Dir - straight line, f/p - frilled lizard
Aim: a frilled lizard (32% to hit)
You throw a poisoned dart.
The poisoned dart hits the giant cockroach.
The giant cockroach is almost dead.
You kill the giant cockroach!
Your Stealth skill increases to level 2!
Throw: 12 darts (poison)
Press: ? - help, Q - select action, (/) - cycle Shift-Dir - straight line, f/p - frilled lizard
Aim: a frilled lizard (32% to hit)
You throw a poisoned dart.
The poisoned dart hits the frilled lizard.
The frilled lizard bites you.
* * * LOW HITPOINT WARNING * * *
You take 3 damage, and have 3/11 hp.
MASSIVE DAMAGE!!
Throw: 11 darts (poison)
Press: ? - help, Q - select action, (/) - cycle Shift-Dir - straight line, f/p - frilled lizard
Aim: a frilled lizard (32% to hit)
You throw a poisoned dart.
The poisoned dart misses the frilled lizard.
The frilled lizard bites you.
* * * LOW HITPOINT WARNING * * *
You take 2 damage, and have 1/11 hp.
Throw: 10 darts (poison)
Press: ? - help, Q - select action, (/) - cycle Shift-Dir - straight line, f/p - frilled lizard
Aim: a frilled lizard (32% to hit)
Okay, then.
Unknown command.
Fire: a) +2 sling
Press: ? - help, Q - select action, (/) - cycle Shift-Dir - straight line, f/p - frilled lizard
Aim: a frilled lizard (40% to hit)
You shoot a sling bullet.
The sling bullet hits the frilled lizard.
You kill the frilled lizard!
You have reached level 2!
You regained 2 hp, and now have 3/17 hp.
MP restored: 3 An endoplasm comes into view.
The endoplasm freezes you.
You are frozen.
You die...

..(### #....# #.#
#....# #.# #....#
#.# #....# . #. #.#
.... #.#. #.####(##
.##.#.# #.#.@...#
......###.#J##..#
##......#.......#
.........†......)..
.##.#.#†#)..#......
#.>.#)#.#.....##
##.†#...#[##..#
####..###...# ..#
#.......#... .#


You could see an endoplasm.

Vanquished Creatures
  2 giant cockroaches (D:1)
  2 bats (D:1)
  2 frilled lizards (D:1)
  2 kobolds (D:1)
8 creatures vanquished.

Notes
Turn   | Place    | Note
-------+----------+-------------------------------------------
     0 | D:1      | mdonais the Octopode Wanderer began the quest for the Orb.
     0 | D:1      | mdonais set off with the following items: a +2 sling, a +0
                  | falchion, 14 poisoned darts, a +0 dagger, a scroll of
                  | vulnerability.
     0 | D:1      | Reached XP level 1. HP: 11/11 MP: 2/2
    36 | D:1      | Reached skill level 1 in Stealth
    82 | D:1      | Reached XP level 2. HP: 3/17 MP: 3/3
    83 | D:1      | Frozen to death by an endoplasm

Illustrated notes

Levels and vault maps discovered:
D:1:      onia_arrival_pyramid, layout_basic, st_stairs_14

Skill      XL: |  1 |
---------------+----+-----
Stealth        | 2 |  2.3
Long Blades    | |  1.0
Ranged Weapons | |  5.0
Throwing       | |  2.0
Spellcasting   | |  1.0
Evocations     | |  1.1

Action                     || total
---------------------------++-------
   Fire: Sling             ||    25
  Throw: Dart              ||     4
 Armour: Skin              ||    13
  Dodge: Dodged            ||    10

Table legend: (Time is in decaauts)
 A = Elapsed time spent in this place.
 B = Non-inter-level travel time spent in this place.
 C = Inter-level travel time spent in this place.
 D = Time resting spent in this place.
 E = Time spent auto-exploring this place.
 F = Levels seen in this place.
 G = Mean time per level.
                   A        B        C        D        E       F      G
               +--------+--------+--------+--------+--------+-----+--------+
         Total |     86 |     86 |      0 |      0 |     47 |   1 |   86.0 |
       Dungeon |     86 |     86 |      0 |      0 |     47 |   1 |   86.0 |
               +--------+--------+--------+--------+--------+-----+--------+

Top non-repeatable levels by time:
     D:1: 86 daAuts
